 Dungeon Crawl Stone Soup version 0.21.1-1-g345015f (webtiles) character file.

5339 nicolaieve the Severer (level 10, 0/84 HPs)
             Began as a Minotaur Berserker on June 12, 2018.
             Was an Elder of Trog.
             Killed from afar by an electric eel (11 damage)
             ... with a bolt of electricity
             ... on level 8 of the Dungeon.
             The game lasted 00:46:27 (7433 turns).

nicolaieve the Severer (Minotaur Berserker)         Turns: 7433, Time: 00:46:28

Health: 0/84       AC: 13    Str: 22    XL:     10   Next: 38%
Magic:  9/9        EV: 14    Int:  4    God:    Trog [****..]
Gold:   664        SH:  0    Dex: 13    Spells: 9/9 levels left

rFire    . . .     SeeInvis .   y - +0 war axe
rCold    . . .     Gourm    .   (no shield)
rNeg     . . .     Faith    .   A - +0 chain mail
rPois    .         Spirit   .   (helmet restricted)
rElec    .         Reflect  .   C - +0 cloak
rCorr    .         Harm     .   S - +0 pair of gloves
MR       +++..                  (no boots)
Stlth    ..........             n - amulet of regeneration
HPRegen  1.64/turn              i - ring of protection from magic
MPRegen  0.11/turn              D - +5 ring of evasion

@: regenerating
A: retaliatory headbutt, horns 2, MP-powered wands
a: Berserk, Trog's Hand, Brothers in Arms, Burn Spellbooks, Renounce Religion


You were on level 8 of the Dungeon.
You worshipped Trog.
Trog was greatly pleased with you.
You were not hungry.

You visited 2 branches of the dungeon, and saw 9 of its levels.

You collected 664 gold pieces.

Inventory:

Hand Weapons
 a - a +0 hand axe
 b - a +1 dire flail of protection
 q - a +2 trident of protection
 y - a +0 war axe (weapon)
 B - a +3 quarterstaff of chaos
 J - a +1 whip of freezing
 N - a +2 vampiric spear
 T - a +2 whip of electrocution
Armour
 g - a +0 leather armour
 A - a +0 chain mail (worn)
 C - a +0 cloak (worn)
 F - a +0 ring mail
 S - a +0 pair of gloves (worn)
Jewellery
 e - an uncursed ring of teleportation
 i - a ring of protection from magic (left hand)
 m - an uncursed ring of fire
 n - an amulet of regeneration (around neck)
 D - a +5 ring of evasion (right hand)
 Q - the ring "Dizuf" {*Contam rN++ SInv}
   (You found it on level 7 of the Dungeon)

   [ring of see invisible]

   It greatly protects you from negative energy.
   It lets you see invisible.
   It causes magical contamination when unequipped.
Wands
 d - a wand of iceblast (9)
 u - a wand of flame (37)
 M - a wand of disintegration (28)
 X - a wand of scattershot (8)
Scrolls
 h - 2 scrolls of blinking {unknown}
 j - 2 scrolls of enchant armour {unknown}
 k - 3 scrolls of immolation {unknown}
 o - 4 scrolls of teleportation
 w - 5 scrolls of fog {unknown}
 x - 5 scrolls of fear {unknown}
 G - 4 scrolls of identify
 I - a scroll of acquirement {unknown}
 L - 3 scrolls of remove curse
 O - a scroll of holy word {unknown}
 P - 2 scrolls of amnesia {unknown}
 W - a scroll of torment {unknown}
Potions
 f - 2 potions of might
 l - 2 potions of brilliance {unknown}
 p - 4 potions of degeneration
 r - 6 potions of curing
 s - 3 potions of heal wounds
 t - a potion of cancellation {unknown}
 v - 2 potions of ambrosia {unknown}
 E - a potion of flight {unknown}
 K - a potion of mutation {unknown}
 U - 2 potions of lignification {unknown}
Books
 z - a book of Changes

   Spells                             Type                      Level
   a - Beastly Appendage              Transmutation                1
   b - Sticks to Snakes               Transmutation                2
   c - Spider Form                    Transmutation/Poison         3
   d - Ice Form                       Ice/Transmutation            4
   e - Blade Hands                    Transmutation                5
   Trog disapproves of the use of such an item.
 H - a book of Misfortune

   Spells                             Type                      Level
   a - Confusing Touch                Hexes                        1
   b - Confuse                        Hexes                        3
   c - Gell's Gravitas                Translocation                3
   d - Petrify                        Transmutation/Earth          4
   e - Metabolic Englaciation         Hexes/Ice                    5
   f - Yara's Violent Unravelling     Hexes/Transmutation          5
   Trog disapproves of the use of such an item.
Miscellaneous
 R - a lightning rod (4/4)
Comestibles
 c - 25 rations
 V - 5 chunks of flesh


   Skills:
 + Level 6.6 Fighting
 + Level 15.6 Axes
 + Level 6.9 Armour
 + Level 3.1 Dodging


You had 9 spell levels left.
You didn't know any spells.

Dungeon Overview and Level Annotations

Branches:
Dungeon (8/15)             Temple (1/1) D:7            Lair (0/6) D:8

Altars:
Cheibriados
Dithmenos
Elyvilon
Fedhas
Gozag
Makhleb
Nemelex Xobeh
Okawaru
Qazlal
Ru
Sif Muna
Trog
Uskayaw
Vehumet
Wu Jian
Xom
Yredelemnul
Zin
The Shining One

Shops:
D:4 *   D:5 *   D:6 ***(:

Annotations:
D:7 1 transporter


Innate Abilities, Weirdness & Mutations

You reflexively headbutt those who attack you in melee.
You have a pair of horns on your head.
You expend magic power (3 MP) to strengthen your wands.


Message History

The electric eel shoots out a bolt of lightning at you!
The bolt of electricity hits you!
Your skin crawls.
You feel resistant to hostile enchantments.
You feel somewhat more hungry. Trog will no longer gift you weapons.
The electric eel shoots out a bolt of lightning at you!
The bolt of electricity misses you.
The electric eel shoots out a bolt of lightning at you!
The bolt of electricity hits you!
The electric eel shoots out a bolt of lightning at you!
The bolt of electricity hits you!
* * * LOW HITPOINT WARNING * * *
The electric eel shoots out a bolt of lightning at you!
The bolt of electricity misses you. The bolt of electricity hits you!
* * * LOW HITPOINT WARNING * * *
The crimson imp puffs mist at you.
The electric eel shoots out a bolt of lightning at you!
The bolt of electricity hits the plant.
The bolt of electricity hits you!
You die...

♣≈P≈....≈≈P≈ ♣.#
##.._.. ♣≈≈;....≈P≈
♣.# ##.... ♣≈P...5≈≈
#.# ##+.. ♣PP..≈≈ #.#
#.## ♣≈..;♣ #.# #.#
♣≈...# #.# ##.##
#P♣...# #.# ##...#
#...######.#####.....
###.@..........##....
#####.##.###.###...
#.##......###..
#.######.......
#........######
##########


You could see 2 electric eels and a crimson imp.

Vanquished Creatures
  A two-headed ogre (D:8)
  Pikel (D:5)
  A cyclops (D:8)
  A gargoyle (D:8)
  A hippogriff (D:8)
  A vampire mosquito (D:8)
  A hungry ghost (D:8)
  Edmund (D:4)
  2 hell hounds (D:8)
  Duvessa (D:4)
  A sky beast (D:6)
  3 orc warriors
  4 slaves (D:5)
  An ice beast (D:6)
  A phantom (D:8)
  4 centaurs
  An ogre (D:6)
  Blork the orc (D:4)
  4 bullfrogs (D:6)
  Dowan (D:4)
  3 scorpions
  2 electric eels (D:8)
  A wight (D:7)
  A howler monkey (D:4)
  2 crimson imps
  A bullfrog zombie (D:6)
  3 jellies
  2 hounds
  2 orc priests (D:8)
  2 orc wizards
  Crazy Yiuf (D:4)
  Ijyb (D:5)
  3 iguanas
  4 worker ants
  A hound skeleton (D:5)
  A worker ant zombie (D:6)
  12 gnolls
  9 adders
  A shadow imp (D:7)
  An ooze (D:3)
  An adder zombie (D:7)
  A worm (D:5)
  A leopard gecko (D:8)
  25 orcs
  3 ball pythons
  6 giant cockroaches
  17 goblins
  17 hobgoblins
  24 jackals
  5 quokkas
  6 bats
  6 frilled lizards
  11 kobolds
  5 rats
  A plant (D:8)
214 creatures vanquished.

Vanquished Creatures (collateral kills)
  An orc warrior (D:8)
  2 centaurs (D:8)
  A hound (D:8)
  An orc (D:8)
5 creatures vanquished.

Vanquished Creatures (others)
  A plant (D:8)
1 creature vanquished.

Grand Total: 220 creatures vanquished

Notes
Turn   | Place    | Note
-------+----------+-------------------------------------------
     0 | D:1      | nicolaieve the Minotaur Berserker began the quest for the Orb.
     0 | D:1      | Reached XP level 1. HP: 19/19 MP: 0/0
   119 | D:1      | Reached skill level 4 in Axes
   129 | D:1      | Reached XP level 2. HP: 25/27 MP: 1/1
   969 | D:2      | Reached ** piety under Trog
   969 | D:2      | Reached skill level 5 in Axes
  1003 | D:2      | Reached XP level 3. HP: 33/33 MP: 2/2
  1234 | D:2      | Found a blossoming altar of Fedhas.
  1845 | D:3      | Reached skill level 6 in Axes
  1845 | D:3      | Reached XP level 4. HP: 31/40 MP: 3/3
  2529 | D:3      | Found a glowing silver altar of Zin.
  2633 | D:4      | Noticed Blork the orc
  2643 | D:4      | Killed Blork the orc
  2643 | D:4      | Reached skill level 7 in Axes
  2643 | D:4      | Reached XP level 5. HP: 8/46 MP: 4/4
  2972 | D:4      | Noticed Duvessa
  2974 | D:4      | Noticed Dowan
  2982 | D:4      | Killed Duvessa
  2982 | D:4      | Reached skill level 8 in Axes
  2982 | D:4      | Reached XP level 6. HP: 48/52 MP: 5/5
  2985 | D:4      | Reached *** piety under Trog
  2988 | D:4      | Killed Dowan
  3083 | D:4      | Found an opulent altar of Gozag.
  3302 | D:4      | Reached skill level 9 in Axes
  3305 | D:4      | Found a shimmering altar of Xom.
  3307 | D:4      | Found a shimmering altar of Xom.
  3310 | D:4      | Found a shimmering altar of Xom.
  3310 | D:4      | Found a shimmering altar of Xom.
  3312 | D:4      | Found a shimmering altar of Xom.
  3374 | D:4      | Noticed Edmund
  3389 | D:4      | Killed Edmund
  3389 | D:4      | Reached XP level 7. HP: 58/58 MP: 6/6
  3397 | D:4      | Found a runed door.
  3401 | D:4      | Noticed Crazy Yiuf
  3407 | D:4      | Killed Crazy Yiuf
  3534 | D:4      | Found Dyschey's General Store.
  3618 | D:4      | Reached skill level 10 in Axes
  3727 | D:4      | Found a snail-covered altar of Cheibriados.
  3850 | D:5      | Entered Level 5 of the Dungeon
  3863 | D:5      | Found an iron altar of Okawaru.
  3897 | D:5      | Noticed Ijyb
  3906 | D:5      | Killed Ijyb
  3982 | D:5      | Found Fili Moe's Assorted Antiques.
  4024 | D:5      | Reached skill level 11 in Axes
  4058 | D:5      | Reached **** piety under Trog
  4147 | D:5      | Noticed Pikel
  4180 | D:5      | Killed Pikel
  4180 | D:5      | Reached skill level 12 in Axes
  4180 | D:5      | Reached XP level 8. HP: 40/66 MP: 7/7
  4777 | D:6      | Found Wagomer's General Store.
  4805 | D:6      | Reached skill level 13 in Axes
  4862 | D:6      | Found Xyrphugaa's Book Emporium.
  4884 | D:6      | Found Jezaluog's Weapon Emporium.
  4977 | D:6      | Found Gubev's General Store.
  5046 | D:6      | Found a sacrificial altar of Ru.
  5160 | D:6      | Found Melof's Assorted Antiques.
  5222 | D:6      | Reached XP level 9. HP: 71/71 MP: 8/8
  5648 | D:7      | Found a radiant altar of Vehumet.
  5886 | D:7      | Found a sacrificial altar of Ru.
  5964 | D:7      | Found a staircase to the Ecumenical Temple.
  5999 | Temple   | Entered the Ecumenical Temple
  6280 | D:7      | Found the +4 robe of Augmentation {Str+4 Int+4 Dex+4}
  6284 | D:7      | Reached ***** piety under Trog
  6367 | D:7      | Found a transporter.
  6607 | D:7      | Reached skill level 14 in Axes
  6655 | D:7      | Got a steaming turquoise ring
  6680 | D:7      | Found a transporter.
  6716 | D:7      | Identified the ring "Dizuf" {*Contam rN++ SInv} (You found it on level 7 of the Dungeon)
  6737 | D:7      | Gained mutation: You expend magic power (3 MP) to strengthen your wands. [mutagenic glow]
  6743 | D:8      | Found a burning altar of Makhleb.
  6747 | D:8      | Noticed a two-headed ogre
  6761 | D:8      | Killed a two-headed ogre
  6761 | D:8      | Reached skill level 5 in Fighting
  6761 | D:8      | Reached skill level 5 in Armour
  6829 | D:8      | Found a bloodstained altar of Trog.
  6872 | D:8      | Noticed a cyclops
  6876 | D:8      | Killed a cyclops
  6876 | D:8      | Reached skill level 15 in Axes
  6876 | D:8      | Reached XP level 10. HP: 58/83 MP: 9/9
  6894 | D:8      | Noticed a gargoyle
  6912 | D:8      | Killed a gargoyle
  7021 | D:8      | Found a hide-covered altar of Uskayaw.
  7022 | D:8      | Found a deep blue altar of Sif Muna.
  7224 | D:8      | Found a staircase to the Lair.
  7375 | D:8      | Found a shadowy altar of Dithmenos.
  7433 | D:8      | Killed from afar by an electric eel

Skill      XL: |  1  2  3  4  5  6  7  8  9 10 |
---------------+-------------------------------+-----
Axes           | 4 5 6 7 8 9 12 13 15 | 15.6
Armour         | 3 5 6 |  6.9
Fighting       | 4 5 6 |  6.6
Dodging        | 3 |  3.1

Action                   |  1- 3 |  4- 6 |  7- 9 | 10-12 || total
-------------------------+-------+-------+-------+-------++-------
Melee: Hand axe          |    84 |    75 |   115 |       ||   274
       Headbutt          |    15 |    17 |    56 |    14 ||   102
       War axe           |       |       |   173 |    81 ||   254
Invok: Berserk           |     1 |     2 |     4 |     1 ||     8
       Trog's Hand       |       |       |       |     3 ||     3
       Brothers in Arms  |       |       |       |     1 ||     1
  Use: Scroll            |       |       |     6 |       ||     6
  Eat: Chunk             |     3 |     3 |    14 |     2 ||    22
       Ration            |       |     1 |     1 |       ||     2
Armor: Leather armour    |    18 |     4 |       |       ||    22
       Chain mail        |       |    15 |    98 |    19 ||   132
Dodge: Dodged            |    64 |    34 |   168 |    56 ||   322
